 Dungeon Crawl Stone Soup version 0.28.0-49-g6dfe1f597d (webtiles) character file.

Game seed: 14098034368110784753

5660 101zpm the Thaumaturge (level 11, 0/67 HPs)
             Began as a Djinni Fire Elementalist on May 17, 2022.
             Was an Initiate of Makhleb.
             Slain by a slime creature (14 damage)
             ... on level 7 of the Dungeon.
             The game lasted 00:22:36 (14609 turns).

101zpm the Thaumaturge (Djinni Fire Elementalist)  Turns: 14609, Time: 00:22:37

Health: 0/67       AC:  2    Str: 13    XL:     11   Next: 4%
Gold:   491        EV: 13    Int: 26    God:    Makhleb [......] SH:  0 Dex: 15

rFire   + + .      SeeInvis .   (no weapon)
rCold   x . .      Faith    .   (no shield)
rNeg    . . .      Spirit   .   a - +0 robe
rPois   ∞          Reflect  .   (no helmet)
rElec   .          Harm     .   (no cloak)
rCorr   .          Rampage  .   (no gloves)
Will    +....                   (boots unavailable)
Stlth   +.........              (no amulet)
HPRegen 0.21/turn               s - +6 ring of intelligence
MPRegen 0.00/turn               t - +6 ring of strength

@: confused, ambrosia-drunk, flying
A: sickness immunity, fire resistance 2, cold vulnerability 1, float, innate
caster, HP casting, extra vitality 1
a: Renounce Religion


You were on level 7 of the Dungeon.
You worshipped Makhleb.
Makhleb was noncommittal.
You visited 2 branches of the dungeon, and saw 10 of its levels.

You collected 491 gold pieces.

Inventory:

Armour
 a - a +0 robe (worn)
Jewellery
 s - a +6 ring of intelligence (left hand)
 t - a +6 ring of strength (right hand)
 D - a ring of wizardry
Wands
 l - a wand of flame (42)
 z - a wand of iceblast (4)
Scrolls
 b - 2 scrolls of enchant weapon {unknown}
 c - 2 scrolls of fear {unknown}
 e - 2 scrolls of teleportation {unknown}
 h - 4 scrolls of noise {unknown}
 i - 9 scrolls of identify {unknown}
 k - 3 scrolls of amnesia {unknown}
 n - 6 scrolls of enchant armour {unknown}
 o - a scroll of brand weapon {unknown}
 r - a scroll of summoning {unknown}
 u - 3 scrolls of magic mapping {unknown}
 y - a scroll of vulnerability {unknown}
 A - a scroll of fog {unknown}
 C - a scroll of immolation {unknown}
 E - a scroll of silence {unknown}
Potions
 d - a potion of invisibility
 f - 2 potions of attraction {unknown}
 g - a potion of degeneration {unknown}
 j - 2 potions of curing {unknown}
 m - a potion of haste {unknown}
 p - a potion of resistance {unknown}
 q - 3 potions of ambrosia
 v - a potion of heal wounds {unknown}
 w - 2 potions of mutation {unknown}
 x - a potion of berserk rage {unknown}
 B - a potion of magic {unknown}


   Skills:
 + Level 1.0 Fighting
 + Level 3.0 Dodging
 + Level 3.5 Stealth
 + Level 11.9 Spellcasting


You had 5 spell levels left.
You knew the following spells:

 Your Spells              Type           Power      Damage    Failure   Level
a - Foxfire               Conj/Fire      100%       2x1d9     1%          1
b - Scorch                Fire           100%       2d10      1%          2
c - Conjure Flame         Conj/Fire      67%        6-21      1%          3
d - Inner Flame           Hex/Fire       67%        N/A       1%          3
e - Flame Wave            Conj/Fire      67%        2d12      1%          4
f - Beastly Appendage     Tmut           100%       N/A       1%          1
g - Ensorcelled Hibernat  Hex/Ice        100%       N/A       1%          2
h - Frozen Ramparts       Ice            100%       1d12      1%          3
i - Ice Form              Ice/Tmut       67%        N/A       1%          4
j - Silence               Hex/Air        33%        N/A       1%          5
Your spell library was empty.

Dungeon Overview and Level Annotations

Branches:
Dungeon (9/15)             Temple (1/1) D:6
   Lair: D:8-11         Orc: D:9-12

Altars:
Ashenzari
Cheibriados
Dithmenos
Elyvilon
Fedhas
Gozag
Kikubaaqudgha
Makhleb
Nemelex Xobeh
Okawaru
Ru
Uskayaw
Vehumet
Wu Jian
Xom
Yredelemnul
Zin
The Shining One

Shops:
D:3 =

Annotations:
D:8 1 runed translucent door
D:9 2 transporters, jaiteiro's ghost, novice DrEE


Innate Abilities, Weirdness & Mutations

You are immune to sickness and miasma.
You are immune to poison.
Your flesh is very heat resistant. (rF++)
You are vulnerable to cold. (rC-)
You float through the air rather than walking.
You learn spells naturally, not from books.
Your magical power is your life essence.
You have superior vitality. (+4 MHP)


Message History

Press: ? - help, Dir - look around, f - activate
Okay, then.
The foxfire hits the centaur.
Flame seeps out of the centaur.
The centaur is moderately wounded.
The centaur is engulfed in blazing flames.
Flame seeps out of the centaur.
What are your orders? t - Shout!
Orders for allies: a - Attack new target. r - Retreat! s - Stop attacking. g - Guard the area. f - Follow me.
Anything else - Cancel.
Okay, then.
Unknown command.
Casting: Frozen Ramparts (safe; 1% risk of failure)
Confirm with . or Enter, or press ? or * to list all spells.
Flames lash the centaur.
Makhleb accepts your kill.
The centaur explodes!
The fiery explosion engulfs your foxfire.
Your foxfire completely resists.
The foxfire hits the slime creature.
The slime creature is lightly wounded.
The slime creature is engulfed in blazing flames.
The slime creature hits you!
* * * LOW HITPOINT WARNING * * *
A jelly comes into view.
A slime creature comes into view.
There is a stone staircase leading up here.
The slime creature hits you.
* * * LOW HITPOINT WARNING * * *
You fly upwards.
There is a stone staircase leading down here.
You are confused.
You feel invigorated. The slime creature hits you!
* * * LOW HITPOINT WARNING * * *
You're too confused to cast spells.
You're too confused to cast spells.
The slime creature hits you!
You die...

#..............# #.#
#..###.........# #.# ##..#
#.#.......# #.#
#...###.#..#....#######.#
#....^..#..##...........#
#...#####..##.#.#########
###.# #..##.#.#
#.#####J.##.#.#
#......>@.....#
############.#######
#........#.........#######
##.######.#.#.#####.#......
#.........#.#.#####.#.#####
#..######.#.#.#...........#
#..##.........#.###.#.###.#
#..##.###.#.....# #.#.# #.#
#..##.###.#..#..###.#.###.#


You could see a slime creature.

Vanquished Creatures
  Joseph (D:9)
  Psyche (D:8)
  A queen bee (D:9)
  Grinder (D:3)
  A slime creature (D:8)
  3 acid dragons (D:9)
  3 water moccasins
  2 sky beasts
  A hornet zombie (D:5)
  An ice beast (D:6)
  2 ogres (D:6)
  A necrophage (D:6)
  4 centaurs
  2 phantoms
  Blork the orc (D:6)
  A gnoll sergeant (D:8)
  A wyvern zombie (D:7)
  4 bullfrogs
  A scorpion (D:6)
  A wyvern skeleton (D:6)
  2 water moccasin skeletons (D:5)
  8 wights
  17 killer bees (D:9)
  8 howler monkeys
  4 hounds
  A jelly (D:6)
  3 orc priests
  An iguana (D:6)
  Ijyb (D:3)
  A centaur skeleton (D:6)
  6 orc wizards
  A killer bee zombie (D:7)
  A hound zombie (D:5)
  A howler monkey zombie (D:9)
  5 gnolls (D:8)
  4 adders
  A shadow imp (D:6)
  2 white imps
  An ufetubus (D:6)
  An adder zombie (D:5)
  An adder skeleton (D:5)
  3 worms
  2 dart slugs
  20 orcs
  10 endoplasms
  4 giant cockroaches (D:1)
  12 goblins
  8 hobgoblins
  8 ball pythons
  7 bats
  4 frilled lizards
  11 kobolds
  7 rats
199 creatures vanquished.

Vanquished Creatures (others)
  805 foxfires
805 creatures vanquished.

Grand Total: 1004 creatures vanquished

Notes
Turn   | Place    | Note
-------+----------+-------------------------------------------
     0 | D:1      | 101zpm the Djinni Fire Elementalist began the quest for the
                  | Orb.
     0 | D:1      | Reached XP level 1. HP: 15/15 MP: 0/0
   246 | D:1      | Reached XP level 2. HP: 17/21 MP: 0/0
   652 | D:1      | Reached skill level 3 in Spellcasting
   934 | D:1      | Reached XP level 3. HP: 20/25 MP: 0/0
   934 | D:1      | Learned a level 1 spell: Beastly Appendage
  2111 | D:1      | Found a faded altar of an unknown god.
  2697 | D:2      | Reached XP level 4. HP: 28/31 MP: 0/0
  4050 | D:3      | Found a shimmering altar of Xom.
  4316 | D:3      | Noticed Grinder
  4332 | D:3      | Killed Grinder
  4333 | D:3      | Reached skill level 5 in Spellcasting
  4333 | D:3      | Reached XP level 5. HP: 12/35 MP: 0/0
  4333 | D:3      | Learned a level 2 spell: Ensorcelled Hibernation
  4333 | D:3      | Reached XP level 6. HP: 13/40 MP: 0/0
  4788 | D:3      | Found an iron altar of Okawaru.
  4791 | D:3      | Noticed Ijyb
  4801 | D:3      | Killed Ijyb
  5068 | D:3      | Found Vuskixim's One-of-a-Kind Rings.
  5704 | D:4      | Reached XP level 7. HP: 41/45 MP: 0/0
  5704 | D:4      | Learned a level 3 spell: Frozen Ramparts
  6321 | D:5      | Entered Level 5 of the Dungeon
  6546 | D:5      | Noticed a water moccasin
  6551 | D:5      | Reached skill level 6 in Spellcasting
  6552 | D:5      | Killed a water moccasin
  6873 | D:5      | Reached XP level 8. HP: 32/50 MP: 0/0
  7084 | D:5      | Reached skill level 7 in Spellcasting
  7585 | D:5      | Found a white marble altar of Elyvilon.
  7585 | D:5      | Found a hide-covered altar of Uskayaw.
  7585 | D:5      | Found a glowing golden altar of the Shining One.
  7603 | D:5      | Found a sacrificial altar of Ru.
  7603 | D:5      | Found a basalt altar of Yredelemnul.
  8234 | D:6      | Found a snail-covered altar of Cheibriados.
  8244 | D:6      | Reached skill level 8 in Spellcasting
  8302 | D:6      | Reached XP level 9. HP: 45/55 MP: 0/0
  8302 | D:6      | Learned a level 4 spell: Ice Form
  8648 | D:6      | You are sucked into a shaft and drop 3 floors!
  8863 | D:9      | Noticed a brown ugly thing
  8866 | D:9      | Noticed an ogre mage
  8868 | D:9      | Noticed jaiteiro's ghost (novice DrEE)
  8887 | D:9      | Reached skill level 9 in Spellcasting
  9014 | D:9      | Noticed a queen bee
  9020 | D:9      | Killed a queen bee
  9213 | D:9      | Noticed Joseph
  9225 | D:9      | Killed Joseph
  9442 | D:9      | Found a transporter.
  9443 | D:9      | Found a transporter.
  9496 | D:9      | Reached skill level 10 in Spellcasting
  9720 | D:9      | Reached XP level 10. HP: 48/60 MP: 0/0
 11460 | D:8      | Reached skill level 11 in Spellcasting
 11471 | D:8      | Noticed a two-headed ogre
 12974 | D:7      | Reached skill level 1 in Fighting
 13646 | D:6      | Noticed Blork the orc
 13653 | D:6      | Killed Blork the orc
 13876 | D:6      | Found a staircase to the Ecumenical Temple.
 13884 | Temple   | Entered the Ecumenical Temple
 14123 | Temple   | Became a worshipper of Makhleb the Destroyer
 14440 | D:8      | Found a runed translucent gate.
 14455 | D:8      | Noticed Psyche
 14462 | D:8      | Killed Psyche
 14585 | D:8      | Reached XP level 11. HP: 37/67 MP: 0/0
 14585 | D:8      | Learned a level 5 spell: Silence
 14609 | D:7      | Slain by a slime creature

Illustrated notes

Levels and vault maps discovered:
D:1:      psy_arrival_fountain, layout_basic,
          shapermc_ecumenical_altar_totnotflames, minmay_indecisive_spiral
D:2:      layout_basic, minmay_fractal_squares_gapless_5
D:3:      layout_rooms, okawaru_metal_pillars_1_2, amcnicky_altar_gilded,
          nicolae_shop_unique_rings, uniq_ijyb, uniq_grinder
D:4:      layout_loops_ring, supply_closet_lemuel
D:5:      layout_loops_ring, minmay_overflow_temple_hex
D:6:      layout_rooms, nicolae_overflow_crystal_walls,
          minmay_temple_entry_overgrown, serial_glass, glass_columns_a,
          glass_columns_a, uniq_blork_the_orc
D:7:      layout_loops_corners
D:8:      layout_loops_corners, biasface_ghost_orc_armoury, uniq_psyche
D:9:      layout_grid_maze, gammafunk_ghost_arena, minivault_7, uniq_joseph
Temple:   nicolae_temple_figure_zero

Skill      XL: |  1  2  3  4  5  6  7  8  9 10 |
---------------+-------------------------------+-----
Spellcasting   | 3 5 6 8 10 11 | 11.9
Stealth        | 2 3 |  3.5
Fighting       | 1 |  1.0
Dodging        | 3 |  3.0

Action                   |  1- 3 |  4- 6 |  7- 9 | 10-12 || total
-------------------------+-------+-------+-------+-------++-------
 Cast: Foxfire           |    96 |   128 |   139 |   140 ||   503
       Scorch            |    11 |    28 |    44 |    51 ||   134
       Ensorcelled Hiber |       |     2 |       |     1 ||     3
       Beastly Appendage |       |     1 |       |       ||     1
       Inner Flame       |       |       |    28 |    45 ||    73
       Frozen Ramparts   |       |       |     4 |     2 ||     6
  Use: Potion            |       |       |       |     1 ||     1
Armor: Robe              |       |       |     1 |     3 ||     4
Dodge: Dodged            |     2 |     3 |     5 |    21 ||    31
